 Dungeon Sprint DCSS version 0.23-a0-629-gae4348f (webtiles) character file.

298 Lanoc the Basher (level 8, -9/55 HPs)
             Began as a Gargoyle Fighter on Dec 27, 2018.
             Was a High Priest of Qazlal.
             Mangled by a naga warlord
             ... wielding a +0 war axe
              (21 damage)
             ... in the Dungeon (Sprint VI: "Thunderdome").
             The game lasted 00:09:05 (673 turns).

Lanoc the Basher (Gargoyle Fighter)                  Turns: 673, Time: 00:09:06

Health: -9/55      AC: 13    Str: 25    XL:     8   Next: 12%
Magic:  12/12      EV:  8    Int:  9    God:    Qazlal [*****.]
Gold:   220        SH: 16    Dex:  9    Spells: 7/7 levels left

rFire    + . .     SeeInvis .   t - +2 whip (freeze)
rCold    + + +     Gourm    .   c - +0 shield
rNeg     + + +     Faith    .   a - +2 leather armour "Nel Quig" {rC+ Slay+5}
rPois    ∞         Spirit   .   (no helmet)
rElec    +         Reflect  .   r - +0 cloak
rCorr    .         Harm     +   (no gloves)
MR       .....     NoTele   +   (no boots)
Stlth    +.........             u - amulet "Giubrob" {Harm *Drain rElec rC+++ rN++ Int-2}
HPRegen  0.18/turn              p - ring "Luud" {Ice rPois}
MPRegen  0.13/turn              q - ring "Vopnaeqe" {rElec rF++ Str+2 Int+3}

@: constricted, repel missiles
A: negative energy resistance 1, electricity resistance, unbreathing,
petrification resistance, rot immunity, AC +5
a: Upheaval, Elemental Force, Disaster Area, Renounce Religion


You were in the Dungeon.
You worshipped Qazlal.
Qazlal was extremely pleased with you.
You were not hungry.

You visited 1 branch You collected 600 gold pieces.
You spent 380 gold pieces at shops.

Inventory:

Hand Weapons
 t - a +2 whip of freezing (weapon)
Armour
 a - the +2 leather armour "Nel Quig" (worn) {rC+ Slay+5}
   (You bought it in a shop in the Dungeon)

   It affects your accuracy and damage with ranged weapons and melee attacks
   (+5).
   It protects you from cold.
 c - a +0 shield (worn)
 r - a +0 cloak (worn)
Jewellery
 p - the ring "Luud" (left hand) {Ice rPois}
   (You bought it in a shop in the Dungeon)

   [ring of ice]

   It enhances your ice magic.
   It makes you vulnerable to fire.
   It protects you from cold.
   It protects you from poison.
 q - the ring "Vopnaeqe" (right hand) {rElec rF++ Str+2 Int+3}
   (You bought it in a shop in the Dungeon)

   [ring of strength]

   It affects your strength (+2).
   It affects your intelligence (+3).
   It greatly protects you from fire.
   It insulates you from electricity.
 u - the amulet "Giubrob" (around neck) {Harm *Drain rElec rC+++ rN++ Int-2}
   (You bought it in a shop in the Dungeon)

   [amulet of harm]

   It increases damage dealt and taken.
   It affects your intelligence (-2).
   It renders you almost immune to cold.
   It insulates you from electricity.
   It greatly protects you from negative energy.
   It causes draining when unequipped.
Wands
 m - a wand of acid (5)
 n - a wand of iceblast (5)
Scrolls
 k - 4 scrolls of blinking
 o - 3 scrolls of fog
Potions
 d - a potion of might
 e - a potion of curing
 g - 5 potions of heal wounds
 h - 4 potions of haste
 i - 2 potions of magic
 j - a potion of berserk rage
 l - a potion of resistance
Comestibles
 f - a ration


   Skills:
 + Level 8.5 Fighting
 * Level 10.5 Maces & Flails
 + Level 8.6 Armour
 + Level 5.9 Dodging
 - Level 3.2 Shields
 - Level 6.4 Invocations


You had 7 spell levels left.
You didn't know any spells.
Your spell library was empty.

Dungeon Overview and Level Annotations

Branches:
Dungeon (1/1)

Altars:
Cheibriados
Dithmenos
Fedhas
Gozag
Kikubaaqudgha
Makhleb
Okawaru
Qazlal
Ru
Sif Muna
Trog
Uskayaw
Vehumet
Wu Jian
Xom
Yredelemnul
Zin
The Shining One
Beogh
Jiyva
Lugonu

Shops:
D *[%??*?*:[((!!!!


Innate Abilities, Weirdness & Mutations

You are resistant to torment.
Your stone body is resilient. (AC +5)
You are immune to poison.
You resist negative energy. (rN+)
You are resistant to electric shocks. (rElec)
You can survive without breathing.
You are immune to petrification.
You are immune to rotting.


Message History

The naga warlord is heavily wounded.
The naga warlord barely misses you. The naga warlord constricts you.
You hit the naga warlord. You freeze the naga warlord.
The naga warlord is heavily wounded.
The naga warlord blocks your attack.
The naga warlord is heavily wounded.
You block the naga warlord's attack. The naga warlord constricts you.
You closely miss the naga warlord.
The naga warlord is heavily wounded.
You closely miss the naga warlord.
The naga warlord is heavily wounded.
You block the naga warlord's attack.
* * * LOW HITPOINT WARNING * * *
The naga warlord constricts you.
You hit the naga warlord. You freeze the naga warlord.
The naga warlord is heavily wounded.
You hit the naga warlord. You freeze the naga warlord.
The naga warlord is severely wounded.
The naga warlord hits you with a +0 war axe!!
You die...

##### ##⌠⌠⌠## #.....# ##.....##
##∩..§§.∩## #∩..§N...∩#
#_.§.@..._# #_..§§.§._#
#..§§...._# ###.........###
#⌠...........⌠#
######.8.........8.######
##∩_._..)...###......___∩##
###∩........8.# #.8........∩###
##.............###.............##


You could see a naga warlord.

Vanquished Creatures
  4 floating eyes (D)
  A gnoll sergeant (D)
  7 vampire bats (D)
  4 jellies (D)
  Crazy Yiuf (D)
  4 gnolls (D)
  3 oozes (D)
24 creatures vanquished.

Notes
Turn   | Place    | Note
-------+----------+-------------------------------------------
     0 | D        | Lanoc the Gargoyle Fighter began the quest for the Orb.
     0 | D        | Reached XP level 1. HP: 14/14 MP: 1/1
     3 | D        | Found an ornate altar of the Wu Jian Council.
     4 | D        | Found a viscous altar of Jiyva.
     5 | D        | Found a hide-covered altar of Uskayaw.
     5 | D        | Found a shimmering altar of Xom.
     5 | D        | Round 1.
     6 | D        | Found Terr's Delicious Food.
     6 | D        | Found a deep blue altar of Sif Muna.
     6 | D        | Found a glowing silver altar of Zin.
     6 | D        | Found Xogoeg's Identification Station.
     7 | D        | Found Widecw's Jewellery.
     7 | D        | Found Upnuiken's Advanced Armour.
    10 | D        | Found a stormy altar of Qazlal.
    11 | D        | Found Ykoif's Magic Scroll Shop.
    12 | D        | Found Bockate's Magic Scroll Shop.
    12 | D        | Found Unwo's Must-Have Magic.
    13 | D        | Found a basalt altar of Yredelemnul.
    13 | D        | Found a shadowy altar of Dithmenos.
    13 | D        | Found a corrupted altar of Lugonu.
    13 | D        | Found Zoxioq's Staff Store.
    18 | D        | Became a worshipper of Qazlal Stormbringer
    23 | D        | Found a roughly hewn altar of Beogh.
    24 | D        | Found a bloodstained altar of Trog.
    25 | D        | Found a radiant altar of Vehumet.
    26 | D        | Found Meurusm's Distillery.
    27 | D        | Found Muox's Distillery.
    27 | D        | Found Utatushay's Bottled Wisdom.
    27 | D        | Found an opulent altar of Gozag.
    27 | D        | Found a glowing golden altar of the Shining One.
    27 | D        | Found an iron altar of Okawaru.
    27 | D        | Found Ukurgh's Do-It-Yourself Clinic.
    45 | D        | Found a burning altar of Makhleb.
    46 | D        | Found a blossoming altar of Fedhas.
    47 | D        | Found an ancient bone altar of Kikubaaqudgha.
    48 | D        | Found Enkel's Weapon Rack.
    49 | D        | Found Cujung's Basic Armour.
    49 | D        | Found Ywozat Ywebb's Miscellaneous Merchandise.
    50 | D        | Found a snail-covered altar of Cheibriados.
    50 | D        | Found a sacrificial altar of Ru.
    50 | D        | Found Raiteh's Premium Goods.
   129 | D        | Noticed a jelly
   130 | D        | Noticed a jelly
   133 | D        | Reached skill level 3 in Maces & Flails
   133 | D        | Reached skill level 1 in Dodging
   133 | D        | Reached XP level 2. HP: 18/20 MP: 2/2
   139 | D        | Reached * piety under Qazlal
   139 | D        | Reached skill level 4 in Maces & Flails
   139 | D        | Reached XP level 3. HP: 12/24 MP: 3/3
   144 | D        | Reached skill level 5 in Fighting
   144 | D        | Reached skill level 5 in Maces & Flails
   144 | D        | Reached skill level 5 in Armour
   144 | D        | Reached XP level 4. HP: 11/31 MP: 4/4
   147 | D        | Arena points: 12 (+12) [x2]
   165 | D        | Bought a glittering golden ring for 45 gold pieces
   165 | D        | Bought a slimy ivory ring for 45 gold pieces
   165 | D        | Identified the ring "Luud" {Ice rPois} (You bought it in a
                  | shop in the Dungeon)
   166 | D        | Identified the ring "Vopnaeqe" {rElec rF++ Str+2 Int+3}
                  | (You bought it in a shop in the Dungeon)
   209 | D        | Round 2.
   209 | D        | Noticed Crazy Yiuf
   217 | D        | Killed Crazy Yiuf
   217 | D        | Reached ** piety under Qazlal
   217 | D        | Reached skill level 1 in Invocations
   252 | D        | Reached skill level 6 in Maces & Flails
   267 | D        | Reached XP level 5. HP: 20/35 MP: 6/6
   288 | D        | Reached *** piety under Qazlal
   293 | D        | Arena points: 54 (+42) [x3]
   293 | D        | Reached skill level 7 in Maces & Flails
   323 | D        | Bought a heavily runed crystal amulet for 45 gold pieces
   323 | D        | Identified the amulet "Giubrob" {Harm *Drain rElec rC+++
                  | rN++ Int-2} (You bought it in a shop in the Dungeon)
   361 | D        | Round 3.
   376 | D        | Noticed a floating eye
   377 | D        | Reached XP level 6. HP: 31/42 MP: 8/8
   377 | D        | Noticed a floating eye
   379 | D        | Paralysed by a floating eye for 2 turns
   381 | D        | Noticed a floating eye
   384 | D        | Killed a floating eye
   384 | D        | Reached skill level 8 in Maces & Flails
   386 | D        | Reached **** piety under Qazlal
   387 | D        | Paralysed by a floating eye for 2 turns
   390 | D        | Killed a floating eye
   390 | D        | Reached skill level 9 in Maces & Flails
   390 | D        | Reached skill level 5 in Invocations
   390 | D        | Reached XP level 7. HP: 35/48 MP: 8/10
   394 | D        | Reached skill level 5 in Dodging
   401 | D        | Arena points: 138 (+84) [x4]
   444 | D        | Bought an encrusted leather armour for 245 gold pieces
   448 | D        | Round 4.
   455 | D        | Identified the +2 leather armour "Nel Quig" {rC+ Slay+5}
                  | (You bought it in a shop in the Dungeon)
   471 | D        | Reached ***** piety under Qazlal
   471 | D        | Reached skill level 10 in Maces & Flails
   555 | D        | Reached XP level 8. HP: 53/55 MP: 12/12
   601 | D        | Arena points: 298 (+160) [x5]
   641 | D        | Round 5.
   649 | D        | Noticed a naga warlord
   673 | D        | Mangled by a naga warlord

Vault maps used:
D:        arena_sprint

Skill      XL: |  1  2  3  4  5  6  7 |
---------------+----------------------+-----
Maces & Flails | 3 4 5 6 7 9 10 | 10.5
Dodging        | 1 2 3 4 5 |  5.9
Fighting       | 4 5 6 7 8 |  8.5
Armour         | 4 5 6 7 8 |  8.6
Invocations    | 1 3 5 6 |  6.4
Shields        | |  3.2

Action                   |  1- 3 |  4- 6 |  7- 9 || total
-------------------------+-------+-------+-------++-------
Melee: Flail             |    17 |    12 |       ||    29
       Whip              |       |    22 |    39 ||    61
Armor: Scale mail        |     9 |     3 |       ||    12
       Leather armour    |       |       |     6 ||     6
Dodge: Dodged            |     6 |     7 |    11 ||    24
Block: Shield            |    11 |    14 |    26 ||    51

Table legend:
 A = Non-vault XP
 B = Vault XP
 C = Vault XP percentage of total XP
 D = Non-vault monster count
 E = Vault monster count
 F = Vault count percentage of total count
                 A         B        C        D         E       F
            +---------+---------+-------+---------+---------+-------
      Total |    1340 |       0 |   0.0 |      24 |       0 |   0.0
            +---------+---------+-------+---------+---------+-------
          D |    1340 |       0 |   0.0 |      24 |       0 |   0.0
            +---------+---------+-------+---------+---------+-------
